 Dungeon Crawl Stone Soup version 0.26-a0-642-g67e99244d3 (webtiles) character file.

Game seed: 2819403292865776787

170 Gottschkopf the Ruffian (level 5, -4/40 HPs)
             Began as a Draconian Transmuter on Sept 21, 2020.
             Was an Initiate of Ru.
             Slain by an ogre
             ... wielding a cursed +0 giant spiked club
              (24 damage)
             ... on level 4 of the Dungeon.
             The game lasted 00:04:02 (2586 turns).

Gottschkopf the Ruffian (Draconian Transmuter)      Turns: 2586, Time: 00:04:03

Health: -4/40      AC:  2    Str: 12    XL:     5   Next: 25%
Magic:  0/8        EV: 19    Int: 15    God:    Ru [......]
Gold:   160        SH:  0    Dex: 16    Spells: 2/8 levels left

rFire    . . .     SeeInvis +     - Unarmed
rCold    . . .     Faith    .   (shield currently unavailable)
rNeg     . . .     Spirit   +   (armour unavailable)
rPois    x         Reflect  .   (helmet currently unavailable)
rElec    .         Harm     .   (cloak currently unavailable)
rCorr    .         Rampage  .   (gloves currently unavailable)
MR       .....                  (boots currently unavailable)
Stlth    +.........             c - amulet of guardian spirit
HPRegen  0.13/turn              a - ring of see invisible
MPRegen  0.11/turn              (no ring)

@: spider-form, wereblooded
A: tiny, unfitting armour, AC +5
a: End Transformation, Renounce Religion


You were on level 4 of the Dungeon.
You worshipped Ru.
Ru was noncommittal.
You were a venomous arachnid creature.
You visited 1 branch of the dungeon, and saw 4 of its levels.

You collected 160 gold pieces.

Inventory:

Armour
 h - a +0 buckler
Jewellery
 a - a ring of see invisible (left front leg)
 c - an amulet of guardian spirit (around neck)
Scrolls
 d - 2 scrolls of blinking {unknown}
 g - a scroll of enchant weapon {unknown}
 j - 2 scrolls of teleportation {unknown}
 k - 2 scrolls of identify {unknown}
 l - 2 scrolls of remove curse {unknown}
 m - a scroll of fear {unknown}
 n - a scroll of enchant armour {unknown}
 o - a scroll of immolation {unknown}
Potions
 b - 2 potions of berserk rage {unknown}
 e - 3 potions of lignification {unknown}
 f - a potion of curing {unknown}
 i - a potion of heal wounds {unknown}


   Skills:
 - Level 1.1 Fighting
 - Level 1.7 Dodging
 - Level 4.2 Unarmed Combat
 - Level 2.0 Spellcasting
 * Level 4.0 Transmutations
 - Level 2.0 Poison Magic


You had 2 spell levels left.
You knew the following spells:

 Your Spells              Type           Power        Failure   Level
a - Beastly Appendage     Tmut           ##....       13%         1
b - Spider Form           Tmut/Pois      ##........   38%         3
c - Wereblood             Tmut           ##......     17%         2

Your spell library contained the following spells:

 Spells                   Type           Power        Failure   Level
 Ice Form                 Ice/Tmut       #.......     85%         4
 Blade Hands              Tmut           ##........   89%         5


Dungeon Overview and Level Annotations

Branches:
Dungeon (4/15)
 Temple: D:4-7

Altars:
Kikubaaqudgha
Okawaru
Ru
Zin


Innate Abilities, Weirdness & Mutations

((Your plain brown scales are hard. (AC +5)))
You cannot fit into any form of body armour.
((You are cold-blooded and may be slowed by cold attacks.))


Message History

The ogre shouts!
You hear a shout!
An ogre comes into view. It is wielding a +0 giant club.
The ogre shouts!
Found a spear, a hand axe and a falchion.
Found an iron altar of Okawaru.
Casting: Spider Form (quite dangerous; 19% risk of failure)
Confirm with . or Enter, or press ? or * to list all spells.
Your blood is infused with primal strength.
Casting: Wereblood (safe; 6% risk of failure)
Confirm with . or Enter, or press ? or * to list all spells.
The spell is quite dangerous to cast (19% risk of failure)!
Continue anyway?
You turn into a venomous arachnid creature.
You barely miss the ogre.
The ogre hits you with a cursed +0 giant spiked club!!
Ouch! That really hurt!
You bite the ogre!
The ogre is poisoned.
The ogre is moderately wounded.
The ogre hits you with a cursed +0 giant spiked club!!
Ouch! That really hurt!
You die...

#. !.###...
#. .......
#.. #.).).
.#
#..##.._.
#$# #..#.).
#..# #.O...
....#
#..O###...#
#.s.#...#
##$....#
##.#### #.#
#<# ###


You could see 2 ogres.

Vanquished Creatures
  An orc priest (D:3)
  2 gnolls (D:3)
  4 adders
  3 oozes
  2 worms
  2 dart slugs (D:1)
  A leopard gecko (D:1)
  6 orcs (D:3)
  4 hobgoblins
  9 jackals
  A quokka (D:3)
  8 bats
  4 frilled lizards
  5 goblins
  4 kobolds
  8 rats
64 creatures vanquished.

Notes
Turn   | Place    | Note
-------+----------+-------------------------------------------
     0 | D:1      | Gottschkopf the Draconian Transmuter began the quest for
                  | the Orb.
     0 | D:1      | Reached XP level 1. HP: 16/16 MP: 3/3
   226 | D:1      | Reached XP level 2. HP: 23/23 MP: 3/5
   441 | D:1      | Learned a level 2 spell: Wereblood
   596 | D:1      | Reached XP level 3. HP: 25/28 MP: 3/6
   603 | D:1      | Learned a level 3 spell: Spider Form
   894 | D:2      | Found a faded altar of an unknown god.
  1290 | D:2      | Found an ancient bone altar of Kikubaaqudgha.
  1309 | D:2      | Reached skill level 1 in Poison Magic
  1484 | D:2      | Reached XP level 4. HP: 35/35 MP: 5/7
  1523 | D:2      | Found a sacrificial altar of Ru.
  1526 | D:2      | Became a worshipper of Ru the Awakened
  1643 | D:2      | Found a glowing silver altar of Zin.
  2300 | D:3      | Reached XP level 5. HP: 38/40 MP: 5/8
  2577 | D:4      | Noticed an ogre
  2581 | D:4      | Found an iron altar of Okawaru.
  2581 | D:4      | Noticed an ogre
  2586 | D:4      | Slain by an ogre

Illustrated notes

Levels and vault maps discovered:
D:1:      eino_arrival_cavern_d, layout_basic
D:2:      layout_rooms, zin_treasury, kiku_gazebo_pond_becter,
          chequers_ecumenical_altar_simple, hangedman_ru_absence
D:3:      layout_basic
D:4:      layout_basic, serial_park_tiny_pond, okawaru_ov_weapons_minmay

Skill      XL: |  1  2  3  4  5 |
---------------+----------------+-----
Unarmed Combat | 4 |  4.2
Poison Magic   | 1 2 |  2.0
Transmutations | 3 4 |  4.0
Fighting       | |  1.1
Dodging        | |  1.7
Spellcasting   | |  2.0

Action                   |  1- 3 |  4- 6 || total
-------------------------+-------+-------++-------
Melee: Unarmed           |   100 |    66 ||   166
       Kick              |    20 |     5 ||    25
       Headbutt          |    11 |     5 ||    16
       Tailslap          |     5 |     3 ||     8
 Cast: Beastly Appendage |    21 |    11 ||    32
       Wereblood         |     2 |     3 ||     5
       Spider Form       |     1 |     4 ||     5
Armor: Skin              |    40 |     6 ||    46
Dodge: Dodged            |   104 |    50 ||   154

Table legend: (Time is in decaauts)
 A = Elapsed time spent in this place.
 B = Non-inter-level travel time spent in this place.
 C = Inter-level travel time spent in this place.
 D = Time resting spent in this place.
 E = Time spent auto-exploring this place.
 F = Levels seen in this place.
 G = Mean time per level.
                   A        B        C        D        E       F      G
               +--------+--------+--------+--------+--------+-----+--------+
         Total |   2572 |   2486 |     86 |      0 |   2096 |   4 |  643.0 |
       Dungeon |   2572 |   2486 |     86 |      0 |   2096 |   4 |  643.0 |
               +--------+--------+--------+--------+--------+-----+--------+

Top non-repeatable levels by time:
     D:3: 901 daAuts
     D:1: 889 daAuts
     D:2: 770 daAuts
     D:4: 10 daAuts
